Merlek, lawful female human Valkyrie -- -- -.--.| ...... -...... .....- .....- ....- -.... ##..)- --- -- --|....--.--- |.. |.|..^......| |.............<.-#--#--- -- -------- | |--............G..aa@ohG...............| --.............r...---------------------- -.h................| |... - -..#-........- | --- #.........| |........-- --##..-#-# ---- Merlek the Skirmisher Experience level: 4 Strength: 21 Dexterity: 14 Constitution: 11 Intelligence: 7 Wisdom: 9 Charisma: 8 Health: 0(47) Energy: 7(7) Def: 8 Gold: 206 Moves: 1201 Dungeon seed: 2Pn0N9mB-FPT6sFT Game ID: Merlek_1670508271 Your Inventory: Coins $ - 206 gold pieces Weapons a - an uncursed +1 long sword (weapon in hand) b - an uncursed +0 dagger m - 3 uncursed +0 darts r - an uncursed +0 aklys t - a cursed +0 dagger A - 7 uncursed +2 darts Armor e - an uncursed +3 small shield (being worn) y - an uncursed +0 dwarvish cloak (being worn) z - an uncursed +0 dwarvish iron helm (being worn) N - a blessed +0 pair of iron shoes (being worn) Comestibles c - 2 uncursed food rations k - an uncursed tripe ration o - an uncursed tin of lichen Scrolls f - a cursed scroll of enchant armor p - a cursed scroll of gold detection Potions v - an uncursed potion of object detection x - an uncursed potion of booze Wands h - an uncursed wand of undead turning (0:6) Tools d - an uncursed oil lamp (0:1303) g - an uncursed saddle l - an uncursed tin opener q - an uncursed blindfold s - an uncursed wax candle (0:400) u - an uncursed tin opener Gems n - an uncursed worthless piece of red glass Spells and supernatural/magical abilities: Name Level Category Cost Memory m - magic missile 2 attack 2000pw 99% W - pray for help -- divine ? -- Your skills at the end: Fighting Skills wands [Basic] Weapon Skills dagger [Basic] long sword [Basic] Spellcasting Skills Final Attributes: You were piously aligned. You were immune to cold. You were stealthy. You were lucky. You last prayed 435 turns ago. Tyr was noncommittal. You are dead. Vanquished creatures: 3 gnome lords a gnomish wizard 2 dwarves a rabid rat a wererat 2 hobbits a yellow mold 19 gnomes a gecko a fox 2 kobolds 3 sewer rats 2 grid bugs 2 lichens 5 newts 46 creatures vanquished. Voluntary challenges: You used a wielded weapon 29 times, starting on turn 187. You read items or engraved 2 times, starting on turn 283. You never genocided any monsters. You never polymorphed an object. You never changed form. You used no wishes. You never split a pudding. You never wrote Elbereth's name. You never violated your personal moral code. Dungeon overview: The Dungeons of Doom: levels 1 to 3 Level 1 some fountains a long staircase Level 2 Level 3 some fountains stairs to The Gnomish Mines The Gnomish Mines: levels 4 to 6 Level 4 stairs to The Dungeons of Doom Level 5 Level 6 <- You were here History has recorded: On T:1 you entered the Dungeons of Doom to retrieve the Amulet of Yendor! On T:204 you reached level 2 of The Dungeons of Doom. On T:310 you reached level 3 of The Dungeons of Doom. On T:462 you advanced to experience level 2. On T:616 you reached level 1 of The Gnomish Mines. On T:624 you advanced to experience level 3. On T:726 you advanced to experience level 4. On T:960 you reached level 2 of The Gnomish Mines. On T:1186 you reached level 3 of The Gnomish Mines. Score breakdown: Gold: 206 ( 7878 points) Experience: 4 levels ( 9649 points) Exploration: 6 levels ( 13.33%) (10112 points) Discoveries: 1 item ( 0.40%) ( 1897 points) Valuables value: (no points given unless you survive) Artifact value: 0 ( 0 points) Variety of kills: 15 monsters ( 3.95%) ( 5960 points) Turncount: 1201 turns ( 0 points) Survival: died (score multiplied by 80%) Total score: 28396 Latest messages: The killer bee stings! The killer bee's sting was poisoned! The killer bee stings! The gnome hits! The killer bee misses. The killer bee just misses! (2x) The killer bee stings! The gnome falls into a pit! The gnome is killed! The killer bee misses. The killer bee stings! (3x) The killer bee's sting was poisoned! The killer bee stings! You hear crashing rock. The killer bee stings! You miss the killer bee. The killer bee misses. The hobgoblin displaces the dwarf. You miss the killer bee. The killer bee misses. The hobgoblin hits! You die... Final status: Farvel Merlek the Valkyrie, killed by a hobgoblin... You died in The Gnomish Mines on dungeon level 6 with 28396 points, and 206 pieces of gold, after 1201 moves. You were level 4 with a maximum of 47 hit points when you died.